 Dungeon Crawl Stone Soup: Circus Animals version 1.7-37-g2c94cca (webtiles) character file.

2 Gravano the Grave Robber (level 1, -1/32 HPs) *STANDARD*
             Began as a Mummy Necromancer on Aug 6, 2016.
             Slain by a worm (9 damage)
             ... on level 2 of the Dungeon.
             The game lasted 00:01:28 (258 turns).

Gravano the Grave Robber (Mummy Necromancer)         Turns: 258, Time: 00:01:28

Health: -1/32      AC:  2    Str: 14    XL:     1   Next: 38%
Magic:  150/150    EV: 16    Int: 21    God:
Gold:   11         SH:  0    Dex: 19    Spells: 1 memorised, 5 levels left

rFire  x . .     rPois    ∞     (no weapon)
rCold  + . .     rElec    .     a - +0 robe
rNeg   + + +     rCorr    .     (no shield) MagicSh . . . SeeInvis .
                                (no helmet) StaminaSh . . . Faith .
                                (no cloak) RegenHP +.........
SustAt .                        (no gloves) RegenSP +++++..... Dismiss .
                                (no boots) RegenMP +++++..... Reflect .
                                (no amulet)
MR     .....     Harm     .     (no ring)
Stlth  ++........               (no ring)

@: slow, not resistant to hostile enchantments, unstealthy
A: no food or potions, fire vulnerability, cold resistance 1, negative energy
resistance 3, torment resistance, unbreathing, fast magic regeneration 1, fast
stamina regeneration 1
a: no special abilities


You were on level 2 of the Dungeon.
You were not hungry.

You visited 1 branch of the dungeon, and saw 2 of its levels.

You collected 11 gold pieces.

Inventory:

Armour
 a - a +0 robe (worn)
Scrolls
 b - a scroll of blinking
Books
 a - a book of Necromancy

   Spells                             Type                      Level
   a - Pain                           Necromancy                   1
   b - Animate Skeleton               Necromancy                   1
   c - Vampiric Draining              Hexes/Necromancy             3
   d - Regeneration                   Charms/Necromancy            3
   e - Animate Dead                   Transmutation/Necromancy     4
   f - Control Undead                 Hexes/Necromancy             4


   Skills:
 + Level 1.7 Dodging
 + Level 2.1 Stealth
 + Level 3.0 Spellcasting
 + Level 4.0 Necromancy


You had 5 spell levels left.
You knew the following spells:

 Your Spells              Type           Power        Failure   Level  Hunger
a - Pain                  Necr           #.........   4%          1    N/A

Dungeon Overview and Level Annotations

Branches:
Dungeon (2/7)

Altars:


Innate Abilities, Weirdness & Mutations

You do not eat or drink.
Your flesh is vulnerable to fire.
You are immune to poison.
Your flesh is cold resistant. (rC+)
You are immune to negative energy. (rN+++)
You are immune to unholy pain and torment.
You can survive without breathing.
You regenerate magic rapidly.
You regenerate stamina rapidly.


Message History

You barely miss the worm. The worm completely misses you.
You hit the worm. (mon hp-1)
You hit the worm. (mon hp-1)
The worm completely misses you.
You hit the worm. (mon hp-1)
You hit the worm but do no damage. The worm completely misses you.
You hit the worm but do no damage. You hit the worm but do no damage.
The worm completely misses you.
You hit the worm but do no damage. The worm misses you.
You hit the worm but do no damage. You hit the worm but do no damage.
The worm completely misses you.
You hit the worm but do no damage. You hit the worm. (mon hp-1)
The worm bites you. (hp-6) Damage (6) was greater than 30% of your hp (8)!!!
* * * LOW HITPOINT WARNING * * *
You hit the worm. (mon hp-1)
You hit the worm but do no damage. The worm completely misses you.
You hit the worm but do no damage. You closely miss the worm.
The worm bites you!
You were prevented from receiving too much damage! (11 -> 9)
You die...

#.#†###
####..#.#...#
..#..#.###.#
.....#.# #.#
##.#.##.# #.#
.... #.# # #..#
#.# #.#..# #.#
#.w@.# #.# ####.#
#.####### #.#
#.......# #.#
#######.# #.# #.#
#.########### #.#
#...........# #.#
###########.###.#
#......


You could see a worm.

Vanquished Creatures
  A dart slug (D:1)
  A giant gecko (D:2)
  2 bats (D:1)
  A giant newt (D:2)
5 creatures vanquished.

Vanquished Creatures (others)
  A hobgoblin (D:1)
1 creature vanquished.

Grand Total: 6 creatures vanquished

Notes
Turn   | Place    | Note
-------+----------+-------------------------------------------
     0 | D:1      | Gravano the Mummy Necromancer began the quest for the Orb.
     0 | D:1      | Reached XP level 1. HP: 32/32 MP: 150/150
   258 | D:2      | Slain by a worm

Skill      XL: |  1 |
---------------+----+-----
Spellcasting   | 3 |  3.0
Dodging        | |  1.7
Stealth        | |  2.1
Necromancy     | |  4.0

Action                   || total
-------------------------++-------
Melee: Unarmed           ||   110
 Cast: Pain              ||     1
Armor: Robe              ||     3
Dodge: Dodged            ||    68
